 Dungeon Crawl Stone Soup version 0.28.0-45-g0d030f2227 (webtiles) character file.

Game seed: 343220421422662047

2662 Fartwhistle the Skirmisher (level 9, -12/78 HPs)
             Began as a Green Draconian Conjurer on Apr 16, 2022.
             Was an Initiate of Vehumet.
             Killed from afar by Maggie (21 damage)
             ... with a bolt of fire
             ... on level 8 of the Dungeon.
             The game lasted 00:24:29 (9227 turns).

Fartwhistle the Skirmisher (DrCj)                   Turns: 9227, Time: 00:24:30

Health: -12/78     AC:  9    Str: 10    XL:     9   Next: 36%
Magic:  4/17       EV: 15    Int: 22    God:    Vehumet [......]
Gold:   145        SH:  0    Dex: 16    Spells: 9/18 levels left

rFire   . . .      SeeInvis .   u - +9 quarterstaff of Aweuw {vorpal, rC+ Stlth+}
rCold   + . .      Faith    .   (shield currently unavailable)
rNeg    . . .      Spirit   .   (armour unavailable)
rPois   +          Reflect  .   (helmet restricted)
rElec   .          Harm     .   q - +0 cloak
rCorr   .          Rampage  .   d - +0 pair of gloves
Will    .....                   (no boots)
Stlth   +++.......              c - amulet of magic regeneration
HPRegen 0.23/turn               y - +6 ring of dexterity
MPRegen 0.55/turn               (no ring)

@: no status effects
A: breathe noxious fumes, AC +7, unfitting armour, poison resistance,
cold-blooded
a: Breathe Noxious Fumes, Renounce Religion


You were on level 8 of the Dungeon.
You worshipped Vehumet.
Vehumet was noncommittal.
You visited 2 branches of the dungeon, and saw 9 of its levels.

You collected 370 gold pieces.
You spent 225 gold pieces at shops.

Inventory:

Hand Weapons
 o - a +1 rapier of venom
 u - the +9 quarterstaff of Aweuw (weapon) {vorpal, rC+ Stlth+}
   (You found it on level 5 of the Dungeon)

   It inflicts extra damage upon your enemies.
   rC:        It protects you from cold.
   Stlth:     It makes you more stealthy.
Armour
 d - a +0 pair of gloves (worn)
 q - a +0 cloak (worn)
Magical Staves
 p - a staff of air
Jewellery
 c - an amulet of magic regeneration (around neck)
 s - an amulet of regeneration
 y - a +6 ring of dexterity (left hand)
 D - a ring of magical power
 E - an amulet of guardian spirit
Wands
 x - a wand of charming (7)
Scrolls
 e - a scroll of fog
 f - 2 scrolls of immolation {unknown}
 g - 3 scrolls of teleportation {unknown}
 h - 2 scrolls of enchant armour
 j - a scroll of brand weapon {unknown}
 k - a scroll of fear {unknown}
 r - 2 scrolls of amnesia {unknown}
 v - a scroll of magic mapping {unknown}
 w - 2 scrolls of acquirement {unknown}
 A - a scroll of noise {unknown}
 B - a scroll of identify
Potions
 a - a potion of heal wounds
 b - a potion of flight
 i - a potion of resistance {unknown}
 l - 8 potions of curing
 m - a potion of might {unknown}
 n - a potion of berserk rage
 t - a potion of magic {unknown}
 z - a potion of brilliance {unknown}
 C - a potion of haste


   Skills:
 + Level 6.8 Fighting
 + Level 3.6 Staves
 + Level 6.0 Dodging
 - Level 1.7 Stealth
 + Level 5.3 Spellcasting
 - Level 6.5 Conjurations
 * Level 2.9 Fire Magic
 - Level 1.1 Air Magic


You had 9 spell levels left.
You knew the following spells:

 Your Spells              Type           Power      Damage    Failure   Level
a - Magic Dart            Conj           100%       1d8       1%          1
b - Searing Ray           Conj           68%        2d6       1%          2
c - Starburst             Conj/Fire      13%        6d5       91%         6

Your spell library contained the following spells:

 Spells                   Type           Power      Damage    Failure   Level
 Dazzling Flash           Conj/Hex       40%        N/A       8%          3
 Apportation              Tloc           10%        N/A       10%         1
 Ensorcelled Hibernation  Hex/Ice        10%        N/A       14%         2
 Fulminant Prism          Conj/Hex       10%        3d9       26%         4
 Iskenderun's Mystic Bla  Conj/Tloc      20%        2d6       26%         4
 Spider Form              Tmut/Pois      5%         N/A       28%         3
 Anguish                  Hex/Necr       2%         N/A       67%         4
 Leda's Liquefaction      Hex/Erth       2%         N/A       67%         4
 Summon Mana Viper        Hex/Summ       5%         N/A       95%         5


Dungeon Overview and Level Annotations

Branches:
Dungeon (8/15)             Temple (1/1) D:6
   Lair: D:8-11

Altars:
Ashenzari
Cheibriados
Dithmenos
Elyvilon
Fedhas
Gozag
Hepliaklqana
Kikubaaqudgha
Makhleb
Nemelex Xobeh
Okawaru
Qazlal
Ru
Sif Muna
Trog
Uskayaw
Vehumet
Wu Jian
Xom
Yredelemnul
Zin
The Shining One

Shops:
D:2 (   D:3 (   D:5 *   D:7 !

Annotations:
D:4 1 runed translucent door, Crazy Yiuf
D:8 Maggie


Innate Abilities, Weirdness & Mutations

You can breathe blasts of noxious fumes.
Your lurid green scales are hard. (AC +7)
You cannot fit into any form of body armour.
Your system is resistant to poisons. (rPois)
You are cold-blooded and may be slowed by cold attacks.


Message History

* * * LOW HITPOINT WARNING * * *
You feel much better. Maggie closely misses you.
Casting: Searing Ray (safe; 1% risk of failure)
Confirm with . or Enter, or press ? or * to list all spells.
Aiming: Searing Ray (safe; 1% risk of failure)
Press: ? - help, Shift-Dir - straight line, f/p - Maggie
Aim: Maggie, wielding a +2 glaive of flaming and wearing +0 steam dragon scales (severely wounded, mesmerising, 81% to hit)
The searing ray hits Maggie.
Maggie is severely wounded. (Press . to maintain the ray.) Maggie hits you but does no damage.
The searing ray hits Maggie.
Maggie is severely wounded.
Maggie barely misses you.
The searing ray hits Maggie.
Maggie is almost dead.
Maggie casts a spell at you. The bolt of fire hits you!!
* * * LOW HITPOINT WARNING * * *
The searing ray hits Maggie but does no damage.
Maggie is almost dead.
You finish channelling your searing ray.
You break out of your daze.
Maggie misses you.
You are too injured to fight recklessly!
Casting: Searing Ray (safe; 1% risk of failure)
Confirm with . or Enter, or press ? or * to list all spells.
Aiming: Searing Ray (safe; 1% risk of failure)
Press: ? - help, Shift-Dir - straight line, f/p - Maggie
Aim: Maggie, wielding a +2 glaive of flaming and wearing +0 steam dragon scales (almost dead, 81% to hit)
The searing ray misses Maggie. (Press . to maintain the ray.) Maggie hits you from afar with a +2 glaive of flaming!
* * * LOW HITPOINT WARNING * * *
Maggie burns you.
* * * LOW HITPOINT WARNING * * *
The searing ray misses Maggie.
Maggie gestures at you while chanting. The bolt of fire hits you!!
You die...

.# .# .# .# .# @#
######.#####
#....@.....#
#.####.###.#
#.########.####.##
#.....<...........
##########.####.#.
#.# .#.# #.# .# #
#.# .# #.#


You could see Maggie.

Vanquished Creatures
  Sigmund (D:4)
  Eustachio (D:5)
  A water moccasin (D:7)
  2 sky beasts
  2 ice beasts
  2 centaurs
  2 ogres
  Blork the orc (D:4)
  3 kobold brigands (D:6)
  2 scorpions
  12 wights (D:7)
  A howler monkey (D:5)
  A hound (D:4)
  3 jellies (D:6)
  2 centaur skeletons (D:4)
  An orc priest (D:5)
  Ijyb (D:4)
  A gnoll shaman (D:7)
  Natasha (thrice) (D:3)
  An iguana (D:5)
  A hound skeleton (D:4)
  4 gnolls (D:7)
  10 adders
  2 howler monkey skeletons (D:5)
  2 shadow imps
  A white imp (D:7)
  An ufetubus (D:5)
  An adder zombie (D:5)
  A worm (D:4)
  3 dart slugs
  14 orcs
  5 endoplasms
  3 giant cockroaches (D:2)
  6 goblins
  7 hobgoblins
  3 jackals (D:1)
  7 quokkas
  6 ball pythons
  4 bats
  3 frilled lizards (D:2)
  21 kobolds
  5 rats
153 creatures vanquished.

Notes
Turn   | Place    | Note
-------+----------+-------------------------------------------
     0 | D:1      | Fartwhistle the Draconian Conjurer began the quest for the
                  | Orb.
     0 | D:1      | Reached XP level 1. HP: 14/14 MP: 3/3
   777 | D:1      | Reached XP level 2. HP: 22/22 MP: 3/5
  1476 | D:1      | Reached skill level 1 in Fighting
  1862 | D:2      | Found Gussenk's Weapon Shoppe.
  2151 | D:2      | Reached XP level 3. HP: 28/28 MP: 1/6
  2833 | D:2      | Reached XP level 4. HP: 35/36 MP: 5/7
  3282 | D:2      | Learned a level 2 spell: Searing Ray
  3425 | D:3      | Found Qepu Lati's Weapon Shop.
  3921 | D:3      | Noticed Natasha
  3924 | D:3      | Killed Natasha
  3925 | D:3      | Reached XP level 5. HP: 41/41 MP: 5/9
  3943 | D:3      | Noticed Natasha
  3956 | D:3      | Killed Natasha
  4046 | D:3      | Noticed Natasha
  4050 | D:3      | Killed Natasha
  4295 | D:3      | Reached skill level 5 in Conjurations
  4466 | D:4      | Found a runed translucent door.
  4469 | D:4      | Noticed Crazy Yiuf
  4545 | D:4      | Reached XP level 6. HP: 50/51 MP: 0/11
  4778 | D:4      | Found an ancient bone altar of Kikubaaqudgha.
  4778 | D:4      | Found a burning altar of Makhleb.
  4926 | D:4      | Noticed Ijyb
  4982 | D:4      | Killed Ijyb
  5152 | D:4      | Noticed Sigmund
  5158 | D:4      | Killed Sigmund
  5159 | D:4      | Your scales start taking on a lurid green colour.
  5159 | D:4      | Reached XP level 7. HP: 58/58 MP: 6/12
  5159 | D:4      | Gained mutation: Your system is resistant to poisons.
                  | (rPois) [Green Draconian growth]
  5284 | D:4      | Noticed Blork the orc
  5295 | D:4      | Killed Blork the orc
  5491 | D:5      | Entered Level 5 of the Dungeon
  5548 | D:5      | Reached skill level 1 in Air Magic
  5976 | D:5      | Reached XP level 8. HP: 58/67 MP: 0/14
  6023 | D:5      | Found Puobluynn's General Store.
  6035 | D:5      | Noticed Eustachio
  6072 | D:5      | Killed Eustachio
  6073 | D:5      | Reached skill level 5 in Fighting
  6082 | D:5      | Reached skill level 5 in Spellcasting
  6565 | D:5      | Identified the +9 quarterstaff of Aweuw {vorpal, rC+
                  | Stlth+}
  6958 | D:6      | Reached skill level 1 in Staves
  6974 | D:6      | Reached skill level 5 in Dodging
  7286 | D:6      | Found a staircase to the Ecumenical Temple.
  7330 | Temple   | Entered the Ecumenical Temple
  7814 | Temple   | Became a worshipper of Vehumet
  7983 | D:6      | Learned a level 6 spell: Starburst
  8011 | D:6      | Reached XP level 9. HP: 59/77 MP: 13/16
  8099 | D:6      | Got the Papyrus of Spatial Malediction
  8201 | D:7      | Reached skill level 1 in Fire Magic
  8524 | D:7      | Found Emmy's Distillery.
  8529 | D:7      | Bought a potion of heal wounds for 75 gold pieces
  8529 | D:7      | Bought a potion of haste for 150 gold pieces
  9206 | D:8      | Noticed Maggie
  9227 | D:8      | Killed from afar by Maggie

Illustrated notes

Levels and vault maps discovered:
D:1:      dpeg_arrival_oval, layout_basic
D:2:      layout_loops_ring, serial_shops, nicolae_shop_statue_plus,
          minmay_close_crescents
D:3:      layout_basic, serial_shops, nicolae_shop_window_shopping,
          glass_columns_b, uniq_natasha
D:4:      layout_rooms, chequers_temple_overflow_statue_of_worship,
          minmay_misc_feat_ornament, uniq_crazy_yiuf_cottage, uniq_sigmund,
          uniq_blork_the_orc, uniq_ijyb
D:5:      layout_layer_cave, serial_shops, kennysheep_little_box, uniq_eustachio
D:6:      layout_cave_pools, minmay_temple_entry_poolview
D:7:      layout_loops_cross, serial_shops, nicolae_shop_hallway_plus
D:8:      layout_loops_ring, serial_glass, glass_columns_a, glass_columns_c,
          enter_bailey_3, uniq_grum, uniq_prince_ribbit1, uniq_maggie
Temple:   mainiacjoe_temple_big_plus

Skill      XL: |  1  2  3  4  5  6  7  8  9 |
---------------+----------------------------+-----
Dodging        | 2 3 4 5 6 |  6.0
Fighting       | 1 2 3 4 6 |  6.8
Spellcasting   | 3 4 5 |  5.3
Conjurations   | 5 6 |  6.5
Air Magic      | 1 |  1.1
Staves         | 3 |  3.6
Fire Magic     | 2 |  2.9
Stealth        | |  1.7

Action                   |  1- 3 |  4- 6 |  7- 9 || total
-------------------------+-------+-------+-------++-------
Melee: Unarmed           |     9 |     6 |       ||    15
       Short sword       |    85 |     3 |       ||    88
       Tailslap          |    12 |     3 |     5 ||    20
       Punch             |     1 |       |       ||     1
       Rapier            |       |     5 |     8 ||    13
       Quarterstaff      |       |       |    52 ||    52
 Cast: Magic Dart        |    66 |   132 |   125 ||   323
       Searing Ray       |       |     9 |    27 ||    36
  Use: Scroll            |       |     5 |     2 ||     7
       Potion            |       |       |     2 ||     2
 Stab: Sleeping          |     1 |       |     1 ||     2
Armor: Skin              |    52 |    19 |    22 ||    93
Dodge: Dodged            |    71 |    35 |    69 ||   175
